 Dungeon Crawl Stone Soup version 0.23.2-40-g277498a001 (webtiles) character file.

Game seed: 11537198251371702168

40 Hubris the Magician (level 3, 8/24 HPs)
             Began as a Demonspawn Wizard on Aug 27, 2019.
             Quit the game on level 2 of the Dungeon.
             The game lasted 00:06:02 (1467 turns).

Hubris the Magician (Demonspawn Wizard)             Turns: 1467, Time: 00:06:03

Health: 8/24       AC:  5    Str:  9    XL:     3   Next: 30%
Magic:  4/8        EV: 12    Int: 20    God:
Gold:   21         SH:  0    Dex: 11    Spells: 8/9 levels left

rFire    . . .     SeeInvis .   i - +0 short sword
rCold    . . .     Gourm    .   (no shield)
rNeg     . . .     Faith    .   a - +0 robe
rPois    .         Spirit   .   b - +0 hat
rElec    .         Reflect  .   (no cloak)
rCorr    .         Harm     .   h - +0 pair of gloves
MR       .....                  (no boots)
Stlth    +.........             (no amulet)
HPRegen  0.08/turn              (no ring)
MPRegen  0.11/turn              (no ring)

@: confused, lethally poisoned (8 -> 0), very slightly contaminated
A: slimy green scales 1, inhibited regeneration, strong 1, MP-powered wands
a: no special abilities


You were on level 2 of the Dungeon.
You were hungry.

You visited 1 branch of the dungeon, and saw 2 of its levels.

You collected 21 gold pieces.

Inventory:

Hand Weapons
 i - a +0 short sword (weapon)
Armour
 a - a +0 robe (worn)
 b - a +0 hat (worn)
 h - a +0 pair of gloves (worn)
Scrolls
 e - 2 scrolls of teleportation {unknown}
 l - a scroll of blinking {unknown}
 n - a scroll of identify {unknown}
 o - a scroll of magic mapping {unknown}
Potions
 c - a potion of mutation
 j - a potion of lignification {unknown}
 k - a potion of haste {unknown}
 m - a potion of berserk rage {unknown}
Comestibles
 d - 2 rations
 f - 2 chunks of flesh


   Skills:
 - Level 2.0 Dodging
 - Level 2.0 Stealth
 + Level 3.8 Spellcasting
 + Level 1.5 Conjurations
   Level 1.0 Summonings
   Level 0.8 Translocations


You had 8 spell levels left.
You knew the following spells:

 Your Spells              Type           Power        Failure   Level  Hunger
a - Magic Dart            Conj           #...         7%          1    None

Your spell library contained the following spells:

 Spells                   Type           Power        Failure   Level  Hunger
 Call Imp                 Summ           #.......     13%         2    ##.....
 Blink                    Tloc           N/A          14%         2    ##.....
 Slow                     Hex            #.......     21%         2    ##.....
 Conjure Flame            Conj/Fire      #.......     28%         3    ###....
 Mephitic Cloud           Conj/Pois/Air  #.......     32%         3    ###....


Dungeon Overview and Level Annotations

Branches:
Dungeon (2/15)

Altars:


Innate Abilities, Weirdness & Mutations

You are partially covered in slimy green scales. (AC +2)
You do not regenerate when monsters are visible.
Your muscles are strong. (Str +2)
You expend magic power (3 MP) to strengthen your wands.


Message History

The adder is almost dead.
The adder bites you.
* * * LOW HITPOINT WARNING * * *
The adder bites you but does no damage.
You hit the adder.
You kill the adder!
Training target 2.0 for Stealth reached!
Your Stealth skill increases to level 2!
* * * LOW HITPOINT WARNING * * *
You feel sick.
It was a potion of mutation.
You feel extremely strange.
Your regeneration stops near monsters.
You feel your magical essence link to your wands.
You feel stronger.
* * * LOW HITPOINT WARNING * * *
You feel sick.
It was a potion of ambrosia.
You are confused.
You feel invigorated.
You feel sick.
Are you sure you want to abandon this character and quit the game? (Confirm with "yes".)

##### #...# #...# ###
#...#########.#
###..#.........#
#............#.#
###.###...)....#@# .#..#
#........#.# .#†##
##.......#.# ÷#.#
#.......#.#
...#####.......#.# #
.....>.........#.####.#
...........#####......####
...........# #...#.....#
.........#.......#........


There were no monsters in sight!

Vanquished Creatures
  An adder (D:2)
  A leopard gecko (D:2)
  2 giant cockroaches (D:1)
  5 goblins (D:1)
  4 hobgoblins (D:1)
  A ball python (D:1)
  6 bats
  5 frilled lizards
  3 kobolds (D:1)
  A rat (D:1)
29 creatures vanquished.

Notes
Turn   | Place    | Note
-------+----------+-------------------------------------------
     0 | D:1      | Hubris the Demonspawn Wizard began the quest for the Orb.
     0 | D:1      | Reached XP level 1. HP: 13/13 MP: 4/4
   687 | D:1      | Gained mutation: You are partially covered in slimy green
                  | scales. (AC +2) [demonic ancestry]
   687 | D:1      | Reached XP level 2. HP: 19/19 MP: 0/6
  1379 | D:2      | Reached XP level 3. HP: 24/24 MP: 1/8
  1465 | D:2      | Gained mutation: You do not regenerate when monsters are
                  | visible. [potion of mutation]
  1465 | D:2      | Gained mutation: You expend magic power (3 MP) to
                  | strengthen your wands. [potion of mutation]
  1465 | D:2      | Gained mutation: Your muscles are strong. (Str +2) [potion
                  | of mutation]
  1467 | D:2      | Quit the game

Skill      XL: |  1  2  3 |
---------------+----------+-----
Dodging        | 2 |  2.0
Stealth        | 2 |  2.0
Spellcasting   | |  3.8
Conjurations   | |  1.5
Summonings     | |  1.0
Translocations | |  0.8

Action                   || total
-------------------------++-------
Melee: Unarmed           ||    18
       Short sword       ||     8
 Cast: Magic Dart        ||    72
  Use: Potion            ||     2
  Eat: Chunk             ||     1
Armor: Robe              ||    17
Dodge: Dodged            ||    44
